 Dungeon Crawl Stone Soup version 0.20-a0-1078-g4874019 (webtiles) character file.

131 FastMan the Chopper (level 4, -4/61 HPs)
             Began as a Minotaur Berserker on May 1, 2017.
             Was a Follower of Trog.
             Slain by a gnoll
             ... wielding a +0 spear
              (7 damage)
             ... on level 2 of the Dungeon.
             The game lasted 00:00:40 (976 turns).

FastMan the Chopper (Minotaur Berserker)             Turns: 976, Time: 00:00:41

Health: -4/61      AC:  2    Str: 27    XL:     4   Next: 91%
Magic:  3/3        EV: 12    Int:  4    God:    Trog [*.....]
Gold:   38         SH:  0    Dex: 10    Spells: 3/3 levels left

rFire    . . .     SeeInvis .   a - +0 hand axe
rCold    . . .     Gourm    .   (no shield)
rNeg     . . .     Faith    .   b - +0 animal skin
rPois    .         Spirit   .   (helmet restricted)
rElec    .         Reflect  .   (no cloak)
rCorr    .         Harm     .   (no gloves)
MR       .....                  (no boots)
Stlth    ..........             (no amulet)
Regen    0.2/turn               (no ring)
MPRegen  0.1/turn               (no ring)

@: berserking, slowed
A: retaliatory headbutt, horns 2
a: Berserk, Burn Spellbooks, Renounce Religion


You were on level 2 of the Dungeon.
You worshipped Trog.
Trog was aware of your devotion.
You were very hungry.

You visited 1 branch of the dungeon, and saw 2 of its levels.

You collected 38 gold pieces.

Inventory:

Hand Weapons
 a - a +0 hand axe (weapon)
Armour
 b - a +0 animal skin (worn)
 n - a +0 pair of gloves
Jewellery
 i - an uncursed ring of poison resistance {unknown}
Scrolls
 d - a scroll of enchant armour {unknown}
 e - a scroll of enchant weapon {unknown}
 h - 2 scrolls of teleportation {unknown}
 j - 2 scrolls of identify {unknown}
 k - a scroll of immolation {unknown}
 o - a scroll of remove curse {unknown}
Potions
 l - a potion of flight {unknown}
 m - a potion of curing {unknown}
Comestibles
 c - a bread ration {@e1}
 f - 2 meat rations {@e2}
 g - 2 chunks of flesh


   Skills:
 + Level 4.8 Fighting
 * Level 6.0 Axes
 - Level 2.4 Armour
 - Level 2.1 Dodging


You had 3 spell levels left.
You didn't know any spells.

Dungeon Overview and Level Annotations

Branches:
Dungeon (2/15)

Altars:


Innate Abilities, Weirdness & Mutations

You reflexively headbutt those who attack you in melee.
You have a pair of horns on your head.


Message History

* * * LOW HITPOINT WARNING * * *
The gnoll hits you from afar with a spear.
* * * LOW HITPOINT WARNING * * *
Natasha mumbles some strange words.
The gnoll hits you but does no damage. The gnoll barely misses you.
The gnoll hits you from afar with a spear.
* * * LOW HITPOINT WARNING * * *
You hit Natasha.
You kill Natasha!
Trog accepts your kill.
Trog appreciates your killing of a magic user.
Natasha screams in pain as she dies!
The crimson imp disappears in a puff of smoke!
You slash the gnoll!
You kill the gnoll!
Trog accepts your kill.
Your Axes skill increases to level 6!
The gnoll hits you but does no damage. The gnoll closely misses you. x2
The gnoll hits you from afar with a spear!
You die...

##...##
##.....##
##.......##
#.........###
+.........'.
#...gg.g..#
#...†?..#
#..§@.#
##...## ##'##
#.# #.# ##.##
##...####
#.......####
##..........


You could see 3 gnolls.

Vanquished Creatures
  Jessica (D:2)
  Natasha (twice) (D:2)
  2 adders (D:2)
  A gnoll (D:2)
  A dart slug (D:2)
  A leopard gecko (D:1)
  2 ball pythons (D:2)
  4 goblins
  5 hobgoblins
  3 bats
  3 kobolds
  2 rats (D:1)
27 creatures vanquished.

Notes
Turn   | Place    | Note
-------+----------+-------------------------------------------
     0 | D:1      | FastMan the Minotaur Berserker began the quest for the Orb.
     0 | D:1      | Reached XP level 1. HP: 19/19 MP: 0/0
   203 | D:1      | Reached skill level 4 in Axes
   203 | D:1      | Reached XP level 2. HP: 19/27 MP: 1/1
   544 | D:2      | Noticed Natasha
   552 | D:2      | Killed Natasha
   552 | D:2      | Reached XP level 3. HP: 31/33 MP: 2/2
   676 | D:2      | Noticed Jessica
   688 | D:2      | Killed Jessica
   688 | D:2      | Reached skill level 5 in Axes
   688 | D:2      | Reached XP level 4. HP: 39/41 MP: 3/3
   789 | D:2      | Found a faded altar of an unknown god.
   968 | D:2      | Noticed Natasha
   975 | D:2      | HP: 3/61 [gnoll/spear (4)]
   976 | D:2      | Killed Natasha
   976 | D:2      | Reached skill level 6 in Axes
   976 | D:2      | Slain by a gnoll

Vault maps used:
D:1:      erik_arrival_blinker_ship
D:2:      chequers_ecumenical_altar_island, okawaru_gym_becter, uniq_robin,
          uniq_jessica, uniq_natasha

Skill      XL: |  1  2  3  4 |
---------------+-------------+-----
Axes           | 4 5 6 |  6.0
Fighting       | 4 |  4.8
Armour         | |  2.4
Dodging        | |  2.1

Action                   |  1- 3 |  4- 6 || total
-------------------------+-------+-------++-------
Melee: Hand axe          |    36 |    19 ||    55
       Headbutt          |     6 |     1 ||     7
Invok: Berserk           |     1 |     1 ||     2
 Stab: Sleeping          |     1 |       ||     1
  Eat: Chunk             |       |     1 ||     1
Armor: Animal skin       |     5 |     8 ||    13
Dodge: Dodged            |    20 |    23 ||    43
